 Dungeon Crawl Stone Soup version 0.27.1-2-g3b301248ec (webtiles) character file.

Game seed: 5071772494870708093

4 Kold the Insei (level 1, 0/13 HPs)
             Began as an Octopode Transmuter on Oct 1, 2021.
             Slain by a quokka (3 damage)
             ... on level 1 of the Dungeon.
             The game lasted 00:00:11 (25 turns).

Kold the Insei (Octopode Transmuter)                  Turns: 25, Time: 00:00:11

Health: 0/13       AC:  1    Str:  9    XL:     1   Next: 70%
Magic:  3/3        EV: 13    Int: 15    God:
Gold:   0          SH:  0    Dex: 12    Spells: 3/4 levels left

rFire    . . .     SeeInvis .     - Unarmed
rCold    . . .     Faith    .   (no shield)
rNeg     . . .     Spirit   .   (helmet restricted)
rPois    .         Reflect  .   (no amulet)
rElec    .         Harm     .   (no ring)
rCorr    .         Rampage  .   (no ring)
Will     .....                  (no ring)
Stlth    ++........             (no ring)
HPRegen  0.04/turn              (no ring)
MPRegen  0.08/turn              (no ring)
                                (no ring)
                                (no ring)

@: no status effects
A: almost no armour, amphibious, 8 rings, camouflage 1, gelatinous body 1,
(nimble swimmer 1), tentacles
a: no special abilities


You were on level 1 of the Dungeon.
You visited 1 branch of the dungeon, and saw 1 of its levels.

You aren't carrying anything.


   Skills:
 - Level 1.0 Fighting
 - Level 2.0 Dodging
 + Level 3.1 Unarmed Combat
 - Level 2.0 Spellcasting
 + Level 2.2 Transmutations


You had 3 spell levels left.
You knew the following spells:

 Your Spells              Type           Power      Damage    Failure   Level
a - Beastly Appendage     Tmut           16%        N/A       9%          1

Your spell library contained the following spells:

 Spells                   Type           Power      Damage    Failure   Level
 Wereblood                Tmut           8%         N/A       14%         2
 Spider Form              Tmut/Pois      2%         N/A       38%         3
 Ice Form                 Ice/Tmut       4%         N/A       80%         4


Dungeon Overview and Level Annotations

Branches:
Dungeon (1/15)

Altars:


Innate Abilities, Weirdness & Mutations

You cannot wear most types of armour.
You are amphibious.
You can wear up to eight rings at the same time.
Your skin changes colour to match your surroundings (Stealth+).
Your rubbery body absorbs attacks. (AC +1, EV +1)
((You are camouflaged near water. (Stealth+)))
You have tentacles for arms and can constrict up to eight enemies at once.


Message History

The kobold throws a stone.
The stone hits you.
The kobold throws a stone.
The stone hits you.
A kobold comes into view. It is wielding a +0 club.
The kobold closely misses you.
The hobgoblin shouts!
The kobold shouts!
You tentacle-slap the kobold. Your grab misses the kobold.
You squeeze the kobold.
You kill the kobold!
Found a faded altar of an unknown god.
The kobold closely misses you.
The kobold throws a stone.
The stone barely misses you.
You closely miss the kobold. You grab the kobold.
You constrict the kobold, but do no damage.
A quokka comes into view.
The kobold hits you with a +0 short sword.
A rat comes into view.
You tentacle-slap the kobold.
You kill the kobold!
You barely miss the kobold. Your grab misses the kobold.
You squeeze the kobold.
You kill the kobold!
The hobgoblin hits you.
You are too injured to fight recklessly!
You tentacle-slap the hobgoblin. Your grab misses the hobgoblin.
You pierce the hobgoblin.
You kill the hobgoblin!
There is a stone staircase leading down here.
A bat comes into view.
The quokka bites you but does no damage.
The bat moves out of view.
Found a robe.
The quokka barely misses you.
You tentacle-slap the quokka but do no damage.
Your grab misses the quokka.
Your tentacle spike misses the quokka.
Your tentacle spike disappears.
The quokka barely misses you.
You barely miss the quokka. Your grab misses the quokka. The quokka bites you.
The quokka closely misses you. The rat bites you.
* * * LOW HITPOINT WARNING * * *
You tentacle-slap the rat but do no damage.
Your grab misses the rat. The quokka bites you.
You die...

.. #. #.# .._# #>##.##
⌠...##.....##
............##
.............#
.............#
........)....#
.......r>....#
.......@.)...### ####
.......r.......##...##
.....................#
...........####'####..
[......#####PP#.#PP##
....(.. ##P.P#.#≈≈P##
....#..
##PP..#.#≈≈≈P##
....#..
#P....#.#≈≈≈≈P#
#P.P..#.#≈≈≈≈P#


You could see a quokka and a rat.

Vanquished Creatures
  A hobgoblin (D:1)
  3 kobolds (D:1)
4 creatures vanquished.

Notes
Turn   | Place    | Note
-------+----------+-------------------------------------------
     0 | D:1      | Kold the Octopode Transmuter began the quest for the Orb.
     0 | D:1      | Reached XP level 1. HP: 13/13 MP: 3/3
    15 | D:1      | Found a faded altar of an unknown god.
    25 | D:1      | Slain by a quokka

Illustrated notes

Levels and vault maps discovered:
D:1:      psy_arrival_terrarium, layout_rooms,
          ebering_ecumenical_altar_abandoned, serial_shops,
          nicolae_shop_behind_doors

Action                   || total
-------------------------++-------
Melee: Unarmed           ||     8
       Tentacles         ||     2
       Constrict         ||     1
       Kick              ||     1
 Cast: Beastly Appendage ||     1
Armor: Skin              ||     1
Dodge: Dodged            ||     6
